 Dungeon Crawl Stone Soup version 0.31.0-11-ge490571c62 (webtiles) character file.

Game seed: 1403473996062345667

1424 qw the Skirmisher (level 8, -1/42 HPs)
             Began as a Spriggan Hunter on Feb 3, 2024.
             Was an Initiate of Okawaru.
             Killed by divine providence
             ... invoked by an orc priest
              (9 damage)
             ... on level 6 of the Dungeon.
             The game lasted 00:00:32 (5393 turns).

qw the Skirmisher (Spriggan Hunter)                 Turns: 5393, Time: 00:00:33

Health: -1/42      AC:  4    Str:  7    XL:     8   Next: 44%
Magic:  9/9        EV: 23    Int: 11    God:    Okawaru [......]
Gold:   256        SH:  5    Dex: 20    Spells: 7/7 levels left

rFire   . . .        g - +0 orcbow
rCold   . . .        (shield currently unavailable)
rNeg    . . .        c - +0 robe
rPois   .            e - +2 hat
rElec   .            (no cloak)
rCorr   .            (gloves unavailable)
SInv    +            (boots unavailable)
Will    +....        f - amulet of reflection
Stlth   ++           (no ring)
HPRegen 0.27/turn    (no ring)
MPRegen 0.11/turn

%: reflection
@: very quick
A: very small, no large weapons, unfitting armour, see invisible, speed 3
a: Renounce Religion


You were on level 6 of the Dungeon.
You worshipped Okawaru.
Okawaru was noncommittal.
You visited 2 branches of the dungeon, and saw 7 of its levels.

You collected 256 gold pieces.


Innate Abilities, Weirdness & Mutations

You are very small and have problems with some larger weapons.
You are too small for most types of armour.
You have supernaturally acute eyesight. (SInv)
You cover ground extremely quickly. (Speed+++)


   Skills:
 - Level 3.6 Fighting
 + Level 8.5 Ranged Weapons
 - Level 8.3 Dodging
 - Level 1.5 Stealth


You had 7 spell levels left.
You didn't know any spells.
Your spell library was empty.

Inventory:

Hand Weapons
 g - a +0 orcbow (weapon)
Armour
 c - a +0 robe (worn)
 e - a +2 hat (worn)
Jewellery
 f - an amulet of reflection (around neck)
Wands
 d - a wand of flame (14)
Scrolls
 l - a scroll of enchant armour
Potions
 a - a potion of heal wounds {unknown}
 b - a potion of enlightenment
 h - a potion of berserk rage {unknown}
 i - 3 potions of curing
 j - a potion of haste {unknown}
 k - a potion of invisibility {unknown}

Dungeon Overview and Level Annotations

Branches:
Dungeon (6/15)             Temple (1/1) D:5

Altars:
Ashenzari
Cheibriados
Dithmenos
Elyvilon
Fedhas
Gozag
Hepliaklqana
Kikubaaqudgha
Makhleb
Okawaru
Qazlal
Ru
Sif Muna
Trog
Uskayaw
Vehumet
Wu Jian
Zin


Message History

The white imp shouts, "Bolt, thou surly weeb-spouting wagtail!"
The white imp hits you. The white imp freezes you. The orc barely misses you.
You shoot an arrow. The arrow closely misses the hound.
The hound bites you but does no damage. You block the white imp's attack.
The orc hits you but does no damage. The hound barely misses you.
You shoot an arrow. The arrow hits the hound!
You kill the hound!
Okawaru accepts your kill. The white imp gestures at you.
The puff of frost hits you!
The orc priest invokes the aid of Beogh against you.
Beogh smites you!
You shoot an arrow. The arrow closely misses the white imp.
The white imp completely misses you. The orc completely misses you. x2
You shoot an arrow. The arrow closely misses the white imp.
The white imp completely misses you. The orc hits you but does no damage.
The orc misses you. x2; The white imp completely misses you.
You shoot an arrow.
The arrow hits the white imp but does no damage.
The white imp gestures at you. The puff of frost misses you.
The puff of frost misses the orc.
The orc completely misses you. The orc closely misses you.
You shoot an arrow. The arrow hits the white imp.
The white imp is moderately wounded.
You block the white imp's attack. The orc completely misses you.
The orc hits you but does no damage.
You shoot an arrow. The arrow hits the white imp!
You kill the white imp!
Okawaru accepts your kill. You block the orc's attack.
The orc completely misses you.
You shoot an arrow. The arrow hits the orc.
The orc is severely wounded.
The orc misses you. You block the orc's attack.
You shoot an arrow. The arrow hits the orc.
You kill the orc!
Okawaru accepts your kill. The orc closely misses you.
The orc priest calls down the wrath of Beogh upon you.
Beogh smites you!
You die...

###### .....# .....##
......# ####o.....#
#..oo.....# . #..@#
... #...# ....#...#
........#######
#####......<.....#
..........#......#
..........#......#
.........#......######
.......+......'...>#


You could see an orc priest and 2 orcs.

Vanquished Creatures
  Grinder (D:5)
  A sky beast (D:6)
  2 black bears (D:4)
  A centaur (D:5)
  A kobold brigand (D:6)
  Blork the orc (D:5)
  2 scorpions (D:4)
  A water moccasin skeleton (D:4)
  A bombardier beetle (D:3)
  2 orc priests
  A hound (D:6)
  2 jellies
  A centaur skeleton (D:4)
  2 iguanas
  Jessica (D:2)
  An orc wizard (D:4)
  2 scorpion zombies (D:4)
  Natasha (D:2)
  A hound zombie (D:4)
  6 adders
  A shadow imp (D:6)
  A white imp (D:6)
  2 adder zombies (D:4)
  5 dart slugs
  2 ribbon worms
  13 orcs
  4 endoplasms
  3 giant cockroaches
  6 hobgoblins
  6 jackals
  6 kobolds
  2 quokkas
  3 ball pythons
  4 bats
  3 frilled lizards
  4 goblins
  3 rats (D:2)
99 creatures vanquished.

Notes
Turn   | Place    | Note
-------+----------+-------------------------------------------
     0 | D:1      | qw the Spriggan Hunter began the quest for the Orb.
     0 | D:1      | Reached XP level 1. HP: 10/10 MP: 2/2
     0 | D:1      | 0 ||| qw: Version: 0.3-a-155-g5e7d8dd
     0 | D:1      | 0 ||| qw: Game counter: 3478
     0 | D:1      | 0 ||| qw: Melee chars always use a shield: true
     0 | D:1      | 0 ||| qw: God list: Okawaru
     0 | D:1      | 0 ||| qw: Allow faded altars: false
     0 | D:1      | 0 ||| qw: Do Orc after clearing Dungeon:15 true
     0 | D:1      | 0 ||| qw: Do second Lair branch before Depths: true
     0 | D:1      | 0 ||| qw: Lair rune preference: random
     0 | D:1      | 0 ||| qw: Goals: Normal
     0 | D:1      | 0 ||| PLANNING D:1-11
    63 | D:1      | Reached skill level 3 in Dodging
   533 | D:1      | Found a faded altar of an unknown god.
   714 | D:1      | 714 ||| UPGRADING to amulet of reflection.
   719 | D:1      | 719 ||| READING 2 scrolls labelled UWAJAO LOEDGHOM.
   720 | D:1      | 720 ||| READING scroll labelled ONU LAVIEMITU.
   720 | D:1      | 720 ||| IDENTIFYING scroll labelled KIMOVO AHEA
   721 | D:1      | 721 ||| READING scroll labelled GUITEEQI MUFE.
   721 | D:1      | 721 ||| ENCHANTING +0 shortbow.
   722 | D:1      | 722 ||| DROPPING scroll of butterflies.
   723 | D:1      | 723 ||| DROPPING scroll of fear.
   724 | D:1      | 724 ||| DROPPING scroll of revelation.
   762 | D:2      | Noticed Jessica
   768 | D:2      | Killed Jessica
   769 | D:2      | Reached XP level 2. HP: 14/14 MP: 3/3
   769 | D:2      | Reached XP level 3. HP: 18/18 MP: 4/4
   980 | D:2      | Found an ornate altar of the Wu Jian Council.
   995 | D:2      | Reached XP level 4. HP: 22/22 MP: 5/5
  1136 | D:2      | Noticed Natasha
  1146 | D:2      | 1146 ||| RETREEEEATING.
  1154 | D:2      | Killed Natasha
  1504 | D:2      | 1504 ||| READING scroll labelled FOKLUG SEG LOU.
  1737 | D:3      | 1737 ||| FLEEEEING.
  1738 | D:3      | 1738 ||| FLEEEEING.
  1739 | D:3      | 1739 ||| FLEEEEING.
  1741 | D:3      | 1741 ||| FLEEEEING.
  1743 | D:3      | 1743 ||| FLEEEEING.
  1783 | D:3      | Found a hazy altar of Hepliaklqana.
  1859 | D:3      | Found a radiant altar of Vehumet.
  2222 | D:3      | Reached XP level 5. HP: 26/26 MP: 6/6
  2503 | D:3      | 2503 ||| READING scroll labelled DEMIHU KILLE.
  2504 | D:3      | 2504 ||| READING scroll labelled BENWAS LIDDIT.
  2505 | D:3      | 2505 ||| READING scroll labelled NUBAASHREBA.
  2506 | D:3      | 2506 ||| DRINKING 2 metallic black potions.
  2584 | D:4      | 2584 ||| PLANNING SEWER
  2709 | D:4      | Reached skill level 6 in Ranged Weapons
  2770 | D:4      | Found an ancient bone altar of Kikubaaqudgha.
  2796 | D:4      | Reached XP level 6. HP: 30/30 MP: 7/7
  2811 | D:4      | Found a glowing drain.
  2896 | D:4      | Found a sacrificial altar of Ru.
  2919 | D:4      | HP: 6/30 [black bear (3)]
  2921 | D:4      | Reached skill level 6 in Dodging
  3093 | D:4      | 3093 ||| FLEEEEING.
  3094 | D:4      | 3094 ||| FLEEEEING.
  3120 | D:4      | 3120 ||| FLEEEEING.
  3137 | D:4      | 3137 ||| FLEEEEING.
  3138 | D:4      | 3138 ||| FLEEEEING.
  3139 | D:4      | 3139 ||| FLEEEEING.
  3140 | D:4      | 3140 ||| FLEEEEING.
  3141 | D:4      | 3141 ||| FLEEEEING.
  3142 | D:4      | 3142 ||| FLEEEEING.
  3143 | D:4      | 3143 ||| FLEEEEING.
  3144 | D:4      | 3144 ||| FLEEEEING.
  3145 | D:4      | 3145 ||| FLEEEEING.
  3147 | D:4      | 3147 ||| FLEEEEING.
  3148 | D:4      | 3148 ||| FLEEEEING.
  3149 | D:4      | 3149 ||| FLEEEEING.
  3151 | D:4      | 3151 ||| FLEEEEING.
  3152 | D:4      | 3152 ||| FLEEEEING.
  3153 | D:4      | 3153 ||| FLEEEEING.
  3174 | D:4      | Reached XP level 7. HP: 35/35 MP: 8/8
  3397 | D:4      | 3397 ||| RETREEEEATING.
  3482 | D:4      | 3482 ||| RIP SEWER
  3502 | D:4      | 3502 ||| PLANNING D:1-11
  3573 | D:4      | Found an ornate altar of the Wu Jian Council.
  3577 | D:4      | Found a shadowy altar of Dithmenos.
  3677 | D:4      | Found a blossoming altar of Fedhas.
  3811 | D:4      | 3811 ||| READING scroll labelled QUCSAT DUOD.
  3961 | D:5      | Entered Level 5 of the Dungeon
  3982 | D:5      | HP: 7/35 [centaur/arrow (9)]
  3984 | D:5      | HP: 1/35 [centaur/arrow (6)]
  3986 | D:5      | 3986 ||| FLEEEEING.
  3988 | D:5      | 3988 ||| FLEEEEING.
  3989 | D:5      | 3989 ||| FLEEEEING.
  3990 | D:5      | 3990 ||| FLEEEEING.
  3991 | D:5      | 3991 ||| FLEEEEING.
  3992 | D:5      | 3992 ||| FLEEEEING.
  4154 | D:5      | 4154 ||| SWAPPING to +0 orcbow.
  4156 | D:5      | 4156 ||| DROPPING +0 shortbow.
  4157 | D:5      | 4157 ||| READING scroll of identify.
  4157 | D:5      | 4157 ||| IDENTIFYING inky potion
  4158 | D:5      | 4158 ||| DRINKING 2 metallic amethyst potions.
  4159 | D:5      | 4159 ||| DROPPING potion of attraction.
  4176 | D:4      | 4176 ||| Stepping randomly (stuck).
  4226 | D:5      | 4226 ||| FLEEEEING.
  4227 | D:5      | 4227 ||| FLEEEEING.
  4228 | D:5      | 4228 ||| FLEEEEING.
  4229 | D:5      | 4229 ||| FLEEEEING.
  4230 | D:5      | 4230 ||| FLEEEEING.
  4231 | D:5      | 4231 ||| FLEEEEING.
  4232 | D:5      | 4232 ||| FLEEEEING.
  4237 | D:5      | 4237 ||| FLEEEEING.
  4238 | D:5      | 4238 ||| FLEEEEING.
  4239 | D:5      | 4239 ||| FLEEEEING.
  4240 | D:5      | 4240 ||| FLEEEEING.
  4241 | D:5      | 4241 ||| FLEEEEING.
  4242 | D:5      | 4242 ||| FLEEEEING.
  4244 | D:5      | 4244 ||| FLEEEEING.
  4482 | D:5      | Found a stormy altar of Qazlal.
  4507 | D:5      | Noticed Grinder
  4520 | D:5      | Killed Grinder
  4521 | D:5      | Reached skill level 3 in Fighting
  4521 | D:5      | Reached XP level 8. HP: 35/42 MP: 9/9
  4567 | D:5      | Found a staircase to the Ecumenical Temple.
  4568 | D:5      | 4568 ||| PLANNING TEMPLE
  4579 | Temple   | Entered the Ecumenical Temple
  4580 | Temple   | 4580 ||| PLANNING OKAWARU WORSHIP
  4588 | Temple   | Became a worshipper of Warmaster Okawaru
  4589 | Temple   | 4589 ||| PLANNING D:1-11
  4653 | D:4      | 4653 ||| Stepping randomly (stuck).
  4704 | D:5      | Noticed Blork the orc
  4707 | D:5      | 4707 ||| FLEEEEING.
  4708 | D:5      | 4708 ||| FLEEEEING.
  4710 | D:5      | 4710 ||| FLEEEEING.
  4711 | D:5      | 4711 ||| FLEEEEING.
  4712 | D:5      | 4712 ||| FLEEEEING.
  4713 | D:5      | 4713 ||| FLEEEEING.
  4714 | D:5      | 4714 ||| FLEEEEING.
  4716 | D:5      | 4716 ||| FLEEEEING.
  4727 | D:5      | Killed Blork the orc
  5022 | D:5      | 5022 ||| UPGRADING to +2 hat.
  5160 | D:6      | HP: 8/42 [kobold brigand/+0 dagger (4)]
  5386 | D:6      | HP: 6/42 [orc priest/divine providence (12)]
  5393 | D:6      | Killed from afar by an orc priest

Levels and vault maps discovered:
D:1:      amcnicky_arrival_flooded_fountain, layout_basic,
          ebering_ecumenical_altar_mist
D:2:      layout_basic, serial_bayou, serial_bayou_crossing,
          serial_bayou_pond_c, serial_bayou_pond_d, serial_bayou_pond_b,
          basic_altar, amcnicky_mini_corridor_feature, uniq_jessica,
          uniq_natasha
D:3:      layout_basic, vehumet_crystals, mainiacjoe_overflow_24_doors
D:4:      wad_river_or_something, layout_cave_pools,
          mainiacjoe_overflow_concentric_impassable,
          nicolae_kikubaaqudgha_miasma_corner, nicolae_ru_sacrificial_ziggurat,
          nicolae_overflow_hidden_temple, serial_undead, serial_undead_d,
          serial_undead_c, serial_undead_e, serial_undead_e,
          gup_sewer_entry_glass
D:5:      layout_loops_ring, nicolae_qazlal_general_emergency,
          minmay_temple_entry_overgrown, uniq_blork_the_orc, uniq_grinder
D:6:      layout_basic, uniq_pikel
Temple:   eino_temple_lava

Skill      XL: |  1  2  3  4  5  6  7  8 |
---------------+-------------------------+-----
Dodging        | 4 5 6 7 8 |  8.3
Ranged Weapons | 5 6 8 |  8.5
Fighting       | 2 3 |  3.6
Stealth        | |  1.5

Action                     |  1- 3 |  4- 6 |  7- 9 || total
---------------------------+-------+-------+-------++-------
   Fire: Shortbow          |    68 |   166 |    70 ||   304
         Orcbow            |       |       |   113 ||   113
    Use: Scroll            |     3 |     4 |     2 ||     9
         Potion            |       |     1 |     1 ||     2
 Armour: Robe              |     9 |    25 |    35 ||    69
  Dodge: Dodged            |    23 |    96 |   109 ||   228
  Block: Other             |     8 |    21 |    23 ||    52
         Reflection        |       |     1 |       ||     1

Table legend:
 A = Non-vault XP
 B = Vault XP
 C = Vault XP percentage of total XP
 D = Non-vault monster count
 E = Vault monster count
 F = Vault count percentage of total count
                 A         B        C        D         E       F
            +---------+---------+-------+---------+---------+-------
      Total |    1064 |     974 |  47.8 |      75 |      24 |  24.2
            +---------+---------+-------+---------+---------+-------
        D:1 |       8 |       0 |   0.0 |       4 |       0 |   0.0
        D:2 |      49 |      77 |  61.1 |      15 |       6 |  28.6
        D:3 |      91 |       0 |   0.0 |      16 |       0 |   0.0
        D:4 |     291 |     502 |  63.3 |      15 |      16 |  51.6
        D:5 |     260 |     395 |  60.3 |      11 |       2 |  15.4
        D:6 |     365 |       0 |   0.0 |      14 |       0 |   0.0
            +---------+---------+-------+---------+---------+-------
